 Dungeon Crawl Stone Soup version 0.23-a0-143-g1adec7b (webtiles) character file.

46 corax the Sneak (level 3, 0/21 HPs)
             Began as an Octopode Enchanter on Sept 4, 2018.
             Slain by a goblin
             ... wielding a +0 club
             ... led by Robin
              (3 damage)
             ... on level 2 of the Dungeon.
             The game lasted 00:04:51 (736 turns).

corax the Sneak (Octopode Enchanter)                 Turns: 736, Time: 00:04:52

Health: 0/21       AC:  1    Str:  5 (8)  XL:     3   Next: 66%
Magic:  6/6        EV: 13    Int: 14 (17) God:
Gold:   70         SH:  0    Dex: 10 (12) Spells: 5/6 levels left

rFire    . . .     SeeInvis .   a - +1 dagger
rCold    . . .     Gourm    .   (no shield)
rNeg     . . .     Faith    .   (helmet restricted)
rPois    .         Spirit   .   (no amulet)
rElec    .         Reflect  .   (no ring)
rCorr    .         Harm     .   (no ring)
MR       .....                  (no ring)
Stlth    ++++......             (no ring)
HPRegen  0.07/turn              (no ring)
MPRegen  0.10/turn              (no ring)
                                (no ring)
                                (no ring)

@: no status effects
A: almost no armour, stealthy swim, amphibious, 8 rings, constrict 8, camouflage
1, gelatinous body 1
a: no special abilities


You were on level 2 of the Dungeon.
You were not hungry.

You visited 1 branch of the dungeon, and saw 2 of its levels.

You collected 70 gold pieces.

Inventory:

Hand Weapons
 a - a +1 dagger (weapon)
Scrolls
 d - 3 scrolls of remove curse {unknown}
 e - 4 scrolls of identify {unknown}
 f - 3 scrolls of fear {unknown}
 g - a scroll of noise {unknown}
 h - a scroll of amnesia {unknown}
 i - a scroll of immolation {unknown}
Potions
 b - a potion of degeneration
 j - a potion of flight {unknown}
Comestibles
 c - 5 rations


   Skills:
 + Level 0.1 Fighting
 + Level 1.4 Short Blades
 + Level 2.0 Dodging
 + Level 5.3 Stealth
 + Level 2.2 Spellcasting
 + Level 3.3 Hexes


You had 5 spell levels left.
You knew the following spells:

 Your Spells              Type           Power        Failure   Level  Hunger
a - Corona                Hex            ##.....      6%          1    #......

Your spell library contained the following spells:

 Spells                   Type           Power        Failure   Level  Hunger
 Ensorcelled Hibernation  Hex/Ice        #.....       17%         2    ###....
 Confuse                  Hex            ##......     17%         3    ###....
 Tukima's Dance           Hex            ##......     17%         3    ###....
 Dazzling Spray           Conj/Hex       #.....       34%         3    ###....


Dungeon Overview and Level Annotations

Branches:
Dungeon (2/15)

Altars:

Annotations:
D:2 Robin


Innate Abilities, Weirdness & Mutations

You cannot wear most types of armour.
You are very stealthy in the water. (Stealth+)
You are amphibious.
You can wear up to eight rings at the same time.
You can use your tentacles to constrict eight enemies at once.
Your skin changes colour to match your surroundings (Stealth+).
Your rubbery body absorbs attacks. (AC +1, EV +1)


Message History

The goblins go into a battle-frenzy!
The bat moves out of view.
You barely miss the goblin. Your grab misses the goblin.
The goblin is severely wounded.
The goblin hits you with a club.
* * * LOW HITPOINT WARNING * * *
The goblin barely misses you.
You closely miss the goblin. You grab the goblin.
The goblin is severely wounded.
You constrict the goblin.
You kill the goblin!
The goblin hits you but does no damage. Robin throws the goblin at you!
* * * LOW HITPOINT WARNING * * *
You hit the goblin.
You kill the goblin!
Robin throws the goblin at you!
* * * LOW HITPOINT WARNING * * *
The goblin hits you but does no damage. The goblin hits you with a club.
You die...

#.....##.............#
......................#
#.......#.#............#
#.......#.#............#
.......#.#........#####
.. ..#........##### #
.#..######........
...gg.ggg.........
..wg..##@..#.#.### ..b..
#...#.#... .... #...#.#
... ... +...+.# .. ..
....# . b##..# ##.# .#


You could see 2 hobgoblins and 3 goblins.

Vanquished Creatures
  An adder (D:2)
  A worm (D:2)
  A leopard gecko (D:2)
  4 bats
  A giant cockroach (D:1)
  9 goblins
  5 hobgoblins
  A frilled lizard (D:1)
  4 kobolds
  3 rats (D:1)
30 creatures vanquished.

Notes
Turn   | Place    | Note
-------+----------+-------------------------------------------
     0 | D:1      | corax the Octopode Enchanter began the quest for the Orb.
     0 | D:1      | Reached XP level 1. HP: 11/11 MP: 3/3
   129 | D:1      | Reached XP level 2. HP: 10/17 MP: 5/5
   610 | D:2      | Reached XP level 3. HP: 9/21 MP: 6/6
   701 | D:2      | Reached skill level 5 in Stealth
   728 | D:2      | Noticed Robin
   736 | D:2      | Slain by a goblin

Vault maps used:
D:1:      minmay_arrival_stone_box, minmay_cupped
D:2:      first_ration, minmay_hexomino_u4, uniq_robin

Skill      XL: |  1  2  3 |
---------------+----------+-----
Stealth        | 5 |  5.3
Fighting       | |  0.1
Short Blades   | |  1.4
Dodging        | |  2.0
Spellcasting   | |  2.2
Hexes          | |  3.3

Action                   || total
-------------------------++-------
Melee: Dagger            ||    72
       Constrict         ||    15
       Tentacles         ||     5
  Use: Potion            ||     4
 Stab: Sleeping          ||    11
Armor: Skin              ||     5
Dodge: Dodged            ||    31

Table legend:
 A = Non-vault XP
 B = Vault XP
 C = Vault XP percentage of total XP
 D = Non-vault monster count
 E = Vault monster count
 F = Vault count percentage of total count
                 A         B        C        D         E       F
            +---------+---------+-------+---------+---------+-------
      Total |      57 |       9 |  13.6 |      25 |       5 |  16.7
            +---------+---------+-------+---------+---------+-------
        D:1 |      20 |       4 |  16.7 |      13 |       2 |  13.3
        D:2 |      37 |       5 |  11.9 |      12 |       3 |  20.0
            +---------+---------+-------+---------+---------+-------
